 Dungeon Crawl Stone Soup version 0.29.0-4-gdea44cf6ec (webtiles) character file.

Game seed: 18418572819903325126

1618 qw the Grappler (level 8, 0/75 HPs)
             Began as a Troll Cinder Acolyte on Aug 31, 2022.
             Was a Priest of Ignis.
             Slain by a rust devil (11 damage)
             ... on level 5 of the Dungeon.
             The game lasted 00:02:36 (4641 turns).

qw the Grappler (Troll Cinder Acolyte)              Turns: 4641, Time: 00:02:37

Health: 0/75       AC: -3    Str: 25    XL:     8   Next: 64%
Magic:  8/8        EV:  9    Int: 12    God:    Ignis [***...]
Gold:   366        SH:  0    Dex: 10    Spells: 9/9 levels left

rFire   + . .      SeeInvis .     - Unarmed
rCold   . . .      Faith    .   (no shield)
rNeg    . . .      Spirit   .   g - +0 robe "Cunienit" {Regen+ Int+2 Dex+5}
rPois   +          Reflect  .   (helmet restricted)
rElec   .          Harm     .   h - +1 cloak "Doukh" {rPois}
rCorr   .          Rampage  .   (gloves unavailable)
Will    .....                   (boots unavailable)
Stlth   +.........              (no amulet)
HPRegen 1.82/turn               (no ring)
MPRegen 0.11/turn               (no ring)

@: corroded, fiery-armoured
A: large, unfitting armour, claws 3, regeneration 1, shaggy fur 1, tough skin 1
a: Renounce Religion, Fiery Armour, Foxfire Swarm, Rising Flame


You were on level 5 of the Dungeon.
You worshipped Ignis.
Ignis was most pleased with you.
You visited 1 branch of the dungeon, and saw 6 of its levels.

You collected 366 gold pieces.


Innate Abilities, Weirdness & Mutations

You are too large for most types of armour.
You have claws for hands.
Your natural rate of healing is unusually fast.
You are covered in fur. (AC +1)
You have tough skin. (AC +1)


   Skills:
 + Level 3.4 Fighting
 - Level 3.0 Throwing
 - Level 1.5 Dodging
 - Level 10.2 Unarmed Combat
 - Level 1.0 Spellcasting
 - Level 2.1 Fire Magic


You had 9 spell levels left.
You didn't know any spells.
Your spell library contained the following spells:

 Spells                   Type           Power      Damage    Failure   Level
 Scorch                   Fire           10%        2d6       19%         2

Inventory:

Missiles
 c - 3 boomerangs of dispersal
 p - 3 large rocks (quivered)
 r - 6 boomerangs
Armour
 g - the +0 robe "Cunienit" (worn) {Regen+ Int+2 Dex+5}
   (You found it on level 2 of the Dungeon)

   Int:       It affects your intelligence (+2).
   Dex:       It affects your dexterity (+5).
   Regen:     It increases your rate of health regeneration.
 h - the +1 cloak "Doukh" (worn) {rPois}
   (You acquired it on level 3 of the Dungeon)

   rPois:     It protects you from poison.
Jewellery
 l - a ring of poison resistance
 q - a ring of ice
Scrolls
 o - a scroll of identify
Potions
 a - a potion of resistance
 d - a potion of might
 e - 2 potions of curing
 i - a potion of haste
 k - a potion of flight {unknown}
 m - a potion of mutation {unknown}

Dungeon Overview and Level Annotations

Branches:
Dungeon (6/15)             Temple (0/1) D:6

Altars:
Makhleb

Annotations:
D:4 2 transporters, qw's ghost, amateur TeWr
D:5 Eustachio


Message History

Eustachio blinks!
The orc warrior hits you with a +0 flail.
You closely miss the orc warrior.
The orc warrior is lightly wounded.
You scratch the orc warrior.
The orc warrior is lightly wounded.
The rust devil hits you. The rust devil corrodes you!
The orc warrior barely misses you. The rust devil hits you.
The rust devil corrodes you!
You barely miss the orc warrior.
The orc warrior is lightly wounded.
The rust devil hits you! The rust devil corrodes you!
The rust devil completely resists.
The orc warrior hits you with a +0 flail!
The orc warrior is burned by your cloak of flames.
The orc warrior is moderately wounded.
The rust devil hits you! The rust devil corrodes you!
The rust devil completely resists.
The crimson imp lashes its tail.
4638 ||| DRINKING potion of cancellation.
Your magical effects are unravelling.
You feel magically purged.
You are no longer corroded.
The rust devil hits you. The rust devil corrodes you!
The orc warrior completely misses you. The rust devil hits you.
The rust devil corrodes you!
The rust devil completely resists.
4639 ||| DRINKING potion of heal wounds.
You feel much better. The rust devil closely misses you.
The orc warrior hits you with a +0 flail!
The rust devil hits you! The rust devil corrodes you!
The rust devil completely resists.
You mangle the orc warrior!!
You kill the orc warrior!
The rust devil misses you. The rust devil completely misses you.
Your Unarmed Combat skill increases to level 10!
You scratch the rust devil but do no damage.
The rust devil hits you. The rust devil corrodes you!
The rust devil completely resists.
The rust devil hits you!
You die...

#.# ##.#.........### #.#
###..#.........# #.#
#........#.....# #.#
##...###...#.#..# #.# #..###
###...#..## #.#
##.##)#+#)##..#...## ##### #.#
#..#7.....7#........ ....# #.#
#.##4r.....##.#...## ###.#
#.###.#@55.8...\#.###### #.#
#.....##45.....##.>....#
###.##########..#7@....7#..####.#
..#.............##)#+#)##..####.#
#.#############..### ###.........
#.# ##...###...#####..# #.#
###.....#######... #.#
#...........#..## #.#
#.##..###.#..#.#


You could see 2 rust devils, Eustachio, 2 crimson imps, a river rat (summoned)
and a shadow imp (summoned).

Vanquished Creatures
  A water moccasin (D:6)
  2 orc warriors (D:5)
  2 ogres
  A bullfrog (D:6)
  A gnoll sergeant (D:5)
  2 scorpions (D:4)
  A necrophage (D:5)
  5 wights (D:6)
  A hound (D:3)
  A jelly (D:6)
  4 iguanas
  4 orc wizards
  11 gnolls
  7 adders
  2 ufetubi
  2 worms
  4 dart slugs
  23 orcs
  9 endoplasms
  4 giant cockroaches
  10 goblins
  8 hobgoblins
  8 jackals
  8 kobolds
  3 quokkas
  9 ball pythons
  6 bats
  2 frilled lizards
  5 rats
146 creatures vanquished.

Vanquished Creatures (others)
  6 plants (D:4)
6 creatures vanquished.

Grand Total: 152 creatures vanquished

Notes
Turn   | Place    | Note
-------+----------+-------------------------------------------
     0 | D:1      | qw the Troll Cinder Acolyte began the quest for the Orb.
     0 | D:1      | Reached XP level 1. HP: 22/22 MP: 1/1
     0 | D:1      | 0 ||| qw: Version: 0.1-a-97-g2dd2ca4
     0 | D:1      | 0 ||| qw: Game counter: 4503
     0 | D:1      | 0 ||| qw: Always use a shield: true
     0 | D:1      | 0 ||| qw: God list: Okawaru
     0 | D:1      | 0 ||| qw: Allow faded altars: false
     0 | D:1      | 0 ||| qw: Do Orc after D:15 true
     0 | D:1      | 0 ||| qw: Do second Lair branch before Depths: true
     0 | D:1      | 0 ||| qw: Lair rune preference: random
     0 | D:1      | 0 ||| qw: Plans: Normal
     0 | D:1      | 0 ||| PLANNING D:1-11
    73 | D:1      | 73 ||| Stepping ~*~*~tactically~*~*~ (stealth).
    74 | D:1      | 74 ||| Stepping ~*~*~tactically~*~*~ (stealth).
    82 | D:1      | 82 ||| Stepping ~*~*~tactically~*~*~ (hiding).
    93 | D:1      | Reached XP level 2. HP: 29/29 MP: 2/2
   114 | D:1      | 114 ||| Stepping ~*~*~tactically~*~*~ (hiding).
   323 | D:1      | 323 ||| Stepping ~*~*~tactically~*~*~ (stealth).
   427 | D:1      | Reached skill level 4 in Unarmed Combat
   482 | D:1      | 482 ||| READING scroll labelled QUICOMNUGIT.
   501 | D:1      | Found a faded altar of an unknown god.
   502 | D:1      | 502 ||| READING scroll labelled QAUTHR FAOGH.
   510 | D:1      | 510 ||| Stepping randomly (stuck).
   511 | D:1      | 511 ||| Stepping randomly (stuck).
   515 | D:1      | 515 ||| Stepping randomly (stuck).
   557 | D:1      | 557 ||| Stepping ~*~*~tactically~*~*~ (stealth).
   563 | D:1      | Reached XP level 3. HP: 36/36 MP: 3/3
  1187 | D:2      | 1187 ||| Stepping ~*~*~tactically~*~*~ (stealth).
  1353 | D:2      | Identified the +0 robe "Cunienit" {Regen+ Int+2 Dex+5}
  1417 | D:2      | 1417 ||| INVOKING Fiery Armour.
  1418 | D:2      | 1418 ||| Stepping ~*~*~tactically~*~*~ (outnumbered).
  1423 | D:2      | Reached XP level 4. HP: 42/44 MP: 4/4
  1428 | D:2      | Reached skill level 5 in Unarmed Combat
  1446 | D:2      | 1446 ||| Stepping ~*~*~tactically~*~*~ (hiding).
  1931 | D:2      | 1931 ||| UPGRADING to +0 robe "Cunienit" {Regen+ Int+2
                  | Dex+5}.
  1941 | D:2      | 1941 ||| DROPPING +0 robe.
  1942 | D:2      | 1942 ||| READING scroll labelled FESTRAI FEKKEOD.
  1943 | D:2      | 1943 ||| DRINKING 3 golden potions.
  1956 | D:3      | 1956 ||| Stepping ~*~*~tactically~*~*~ (stealth).
  1958 | D:3      | 1958 ||| Stepping ~*~*~tactically~*~*~ (stealth).
  1960 | D:3      | 1960 ||| Stepping ~*~*~tactically~*~*~ (stealth).
  1966 | D:3      | 1966 ||| INVOKING Fiery Armour.
  1969 | D:3      | 1969 ||| Stepping ~*~*~tactically~*~*~ (outnumbered).
  2124 | D:3      | Reached skill level 1 in Dodging
  2124 | D:3      | Reached XP level 5. HP: 50/50 MP: 5/5
  2131 | D:3      | 2131 ||| Stepping ~*~*~tactically~*~*~ (outnumbered).
  2135 | D:3      | 2135 ||| Stepping ~*~*~tactically~*~*~ (outnumbered).
  2136 | D:3      | 2136 ||| Stepping ~*~*~tactically~*~*~ (outnumbered).
  2298 | D:3      | Found a burning altar of Makhleb.
  2298 | D:3      | Noticed an Executioner
  2301 | D:3      | Noticed an orange demon
  2301 | D:3      | Noticed a neqoxec
  2443 | D:3      | 2443 ||| UPGRADING to ring of poison resistance.
  2444 | D:3      | 2444 ||| READING scroll labelled DEBARI WUUN.
  2444 | D:3      | Identified a scroll of acquirement
  2444 | D:3      | 2444 ||| ACQUIRING +1 cloak "Doukh" {rPois}
  2444 | D:3      | Acquired the +1 cloak "Doukh" {rPois}
  2446 | D:3      | 2446 ||| UPGRADING to +1 cloak "Doukh" {rPois}.
  2451 | D:3      | 2451 ||| REMOVING ring of poison resistance.
  2452 | D:3      | 2452 ||| READING scroll labelled WELUABR LAYT.
  2453 | D:3      | 2453 ||| READING scroll labelled TYGAKA FATIFEI.
  2454 | D:3      | 2454 ||| READING scroll labelled CARIATW QAPH.
  2587 | D:4      | 2587 ||| Stepping ~*~*~tactically~*~*~ (stealth).
  2588 | D:4      | 2588 ||| Stepping ~*~*~tactically~*~*~ (stealth).
  2623 | D:4      | Found a transporter.
  2632 | D:4      | Identified the +2 ring mail of a ziggurat {Harm rN++ Will-
                  | Slay+2}
  2632 | D:4      | Identified the +5 kite shield of the World {Stlth+}
  2632 | D:4      | Noticed qw's ghost (amateur TeWr)
  2709 | D:4      | Noticed an ogre
  2712 | D:4      | Killed an ogre
  2713 | D:4      | Reached XP level 6. HP: 59/59 MP: 6/6
  2718 | D:4      | Found a transporter.
  2750 | D:4      | 2750 ||| Stepping ~*~*~tactically~*~*~ (stealth).
  2761 | D:4      | 2761 ||| Stepping ~*~*~tactically~*~*~ (stealth).
  2768 | D:4      | 2768 ||| Stepping ~*~*~tactically~*~*~ (outnumbered).
  2769 | D:4      | 2769 ||| Stepping ~*~*~tactically~*~*~ (outnumbered).
  2770 | D:4      | 2770 ||| Stepping ~*~*~tactically~*~*~ (outnumbered).
  2826 | D:4      | Reached skill level 6 in Unarmed Combat
  2942 | D:4      | 2942 ||| Stepping ~*~*~tactically~*~*~ (stealth).
  3031 | D:4      | Reached skill level 7 in Unarmed Combat
  3224 | D:4      | 3224 ||| READING scroll labelled SACHAR YTEU.
  3225 | D:4      | 3225 ||| READING scroll labelled TYWOGR FYUCWOE.
  3226 | D:4      | 3226 ||| DRINKING 3 fuming emerald potions.
  3227 | D:4      | 3227 ||| DROPPING 2 potions of invisibility.
  3263 | D:5      | Entered Level 5 of the Dungeon
  3271 | D:5      | 3271 ||| Stepping ~*~*~tactically~*~*~ (stealth).
  3277 | D:5      | Reached XP level 7. HP: 63/66 MP: 7/7
  3414 | D:5      | 3414 ||| Stepping ~*~*~tactically~*~*~ (stealth).
  3579 | D:5      | 3579 ||| Stepping ~*~*~tactically~*~*~ (stealth).
  3583 | D:5      | 3583 ||| INVOKING Fiery Armour.
  3586 | D:5      | 3586 ||| Stepping ~*~*~tactically~*~*~ (hiding).
  3593 | D:5      | Reached skill level 8 in Unarmed Combat
  3593 | D:5      | 3593 ||| Stepping ~*~*~tactically~*~*~ (hiding).
  3755 | D:5      | 3755 ||| Stepping ~*~*~tactically~*~*~ (outnumbered).
  3993 | D:5      | 3993 ||| READING 5 scrolls labelled QIP HIVASKA.
  3994 | D:5      | 3994 ||| READING scroll labelled IROSCHU WOUMOI.
  3995 | D:5      | 3995 ||| READING scroll labelled QUDYLOKUEK.
  3996 | D:5      | 3996 ||| DRINKING 2 fizzy purple potions.
  3997 | D:5      | 3997 ||| READING 4 scrolls of identify.
  3997 | D:5      | 3997 ||| IDENTIFYING amethyst potion
  3998 | D:5      | 3998 ||| READING 3 scrolls of identify.
  3998 | D:5      | 3998 ||| IDENTIFYING dark potion
  3999 | D:5      | 3999 ||| READING 2 scrolls of identify.
  3999 | D:5      | 3999 ||| IDENTIFYING murky coppery potion
  4000 | D:5      | 4000 ||| DROPPING potion of brilliance.
  4037 | D:5      | 4037 ||| READING 2 scrolls of teleportation.
  4038 | D:5      | 4038 ||| STAIRDANCE
  4068 | D:6      | 4068 ||| Stepping ~*~*~tactically~*~*~ (hiding).
  4070 | D:6      | 4070 ||| Stepping ~*~*~tactically~*~*~ (hiding).
  4071 | D:6      | 4071 ||| Stepping ~*~*~tactically~*~*~ (hiding).
  4075 | D:6      | Reached skill level 3 in Fighting
  4076 | D:6      | 4076 ||| FLEEEEING.
  4077 | D:6      | 4077 ||| FLEEEEING.
  4078 | D:6      | 4078 ||| STAIRDANCE
  4080 | D:5      | 4080 ||| Stepping ~*~*~tactically~*~*~ (outnumbered).
  4188 | D:6      | 4188 ||| Stepping ~*~*~tactically~*~*~ (stealth).
  4194 | D:6      | Reached skill level 3 in Throwing
  4227 | D:6      | 4227 ||| Stepping ~*~*~tactically~*~*~ (stealth).
  4235 | D:6      | Reached XP level 8. HP: 75/75 MP: 8/8
  4255 | D:6      | Reached skill level 9 in Unarmed Combat
  4260 | D:6      | 4260 ||| INVOKING Fiery Armour.
  4315 | D:6      | 4315 ||| Stepping ~*~*~tactically~*~*~ (hiding).
  4316 | D:6      | 4316 ||| Stepping ~*~*~tactically~*~*~ (hiding).
  4325 | D:6      | 4325 ||| Stepping ~*~*~tactically~*~*~ (hiding).
  4334 | D:6      | 4334 ||| Stepping ~*~*~tactically~*~*~ (outnumbered).
  4335 | D:6      | 4335 ||| Stepping ~*~*~tactically~*~*~ (outnumbered).
  4336 | D:6      | 4336 ||| Stepping ~*~*~tactically~*~*~ (outnumbered).
  4427 | D:6      | Found a staircase to the Ecumenical Temple.
  4593 | D:6      | 4593 ||| READING scroll labelled YGUETS UNOXOJU.
  4594 | D:6      | 4594 ||| READING 3 scrolls of identify.
  4594 | D:6      | 4594 ||| IDENTIFYING lumpy pink potion
  4595 | D:6      | 4595 ||| READING 2 scrolls of identify.
  4595 | D:6      | 4595 ||| IDENTIFYING emerald potion
  4596 | D:6      | 4596 ||| DROPPING potion of ambrosia.
  4600 | D:5      | 4600 ||| READING scroll of teleportation.
  4621 | D:5      | Noticed a rust devil
  4621 | D:5      | Noticed a rust devil
  4621 | D:5      | Noticed Eustachio
  4622 | D:5      | 4622 ||| INVOKING Fiery Armour.
  4627 | D:5      | 4627 ||| Stepping ~*~*~tactically~*~*~ (outnumbered).
  4637 | D:5      | HP: 14/75 [orc warrior/+0 flail (15)]
  4637 | D:5      | HP: 3/75 [rust devil (11)]
  4638 | D:5      | 4638 ||| DRINKING potion of cancellation.
  4639 | D:5      | 4639 ||| DRINKING potion of heal wounds.
  4641 | D:5      | Reached skill level 10 in Unarmed Combat
  4641 | D:5      | Slain by a rust devil

Levels and vault maps discovered:
D:1:      onia_arrival_mini_maze_b, layout_loops_ring,
          shapermc_ecumenical_altar_notcrosses, kennysheep_pointless_box,
          chequers_garden, minmay_small_reverse_x
D:2:      layout_loops_cross, minmay_tree_intersection
D:3:      layout_basic, makhleb_altar_promises_db, minivault_4
D:4:      layout_loops_cross, gammafunk_ghost_gnarly_gnolls, wad_rectangle_vault
D:5:      cheibrodos_iron_armory, layout_loops_ring, uniq_eustachio
D:6:      layout_cave_pools, temple_statues

Skill      XL: |  1  2  3  4  5  6  7  8 |
---------------+-------------------------+-----
Unarmed Combat | 4 5 7 8 10 | 10.2
Dodging        | 1 |  1.5
Throwing       | 2 3 |  3.0
Fighting       | 3 |  3.4
Spellcasting   | |  1.0
Fire Magic     | |  2.1

Action                   |  1- 3 |  4- 6 |  7- 9 || total
-------------------------+-------+-------+-------++-------
Melee: Unarmed           |    81 |   125 |   109 ||   315
       Punch             |     3 |     4 |    12 ||    19
Throw: Large rock        |       |    28 |    19 ||    47
Invok: Fiery Armour      |     1 |     1 |     3 ||     5
  Use: Scroll            |     2 |     7 |    11 ||    20
       Potion            |       |     2 |     3 ||     5
Armor: Robe              |    30 |    31 |    42 ||   103
Dodge: Dodged            |    29 |    44 |    65 ||   138

Table legend:
 A = Non-vault XP
 B = Vault XP
 C = Vault XP percentage of total XP
 D = Non-vault monster count
 E = Vault monster count
 F = Vault count percentage of total count
                 A         B        C        D         E       F
            +---------+---------+-------+---------+---------+-------
      Total |    2028 |     284 |  12.3 |     134 |      12 |   8.2
            +---------+---------+-------+---------+---------+-------
        D:1 |      39 |       8 |  17.0 |      20 |       4 |  16.7
        D:2 |     100 |       0 |   0.0 |      20 |       0 |   0.0
        D:3 |     132 |       0 |   0.0 |      23 |       0 |   0.0
        D:4 |     424 |      18 |   4.1 |      26 |       6 |  18.8
        D:5 |     371 |     258 |  41.0 |      24 |       2 |   7.7
        D:6 |     962 |       0 |   0.0 |      21 |       0 |   0.0
            +---------+---------+-------+---------+---------+-------
